 Dungeon Crawl Stone Soup version 0.25-b1-46-gb8a1ec05df (webtiles) character file.

Game seed: 2204195805424135027

7430 Dirian the Carver (level 10, -1/84 HPs)
             Began as a Minotaur Fighter on June 11, 2020.
             Succumbed to a spiny frog's poison
             ... on level 1 of the Lair of Beasts.
             The game lasted 00:13:29 (10616 turns).

Dirian the Carver (Minotaur Fighter)               Turns: 10616, Time: 00:13:29

Health: -1/84      AC: 17    Str: 24    XL:     10   Next: 93%
Magic:  1/17       EV:  7    Int:  5    God:
Gold:   454        SH: 12    Dex: 10    Spells: 9/9 levels left

rFire    . . .     SeeInvis .   a - +1 long sword
rCold    . . .     Gourm    .   c - +1 kite shield
rNeg     . . .     Faith    .   u - +0 chain mail
rPois    .         Spirit   +   (helmet restricted)
rElec    .         Reflect  .   (no cloak)
rCorr    .         Harm     .   (no gloves)
MR       .....                  D - +1 pair of boots
Stlth    ..........             j - amulet of guardian spirit
HPRegen  0.24/turn              f - +4 ring of protection
MPRegen  0.15/turn              h - ring of stealth

@: lethally poisoned (-1 -> -17)
A: retaliatory headbutt, horns 2
a: no special abilities


You were on level 1 of the Lair of Beasts.
You were not hungry.

You visited 3 branches of the dungeon, and saw 12 of its levels.

You collected 496 gold pieces.
You spent 42 gold pieces at shops.

Inventory:

Hand Weapons
 a - a +1 long sword (weapon)
 B - a +1 dagger of venom
Armour
 c - a +1 kite shield (worn)
 u - a +0 chain mail (worn)
 w - a +0 plate armour
 D - a +1 pair of boots (worn)
Jewellery
 f - a +4 ring of protection (left hand)
 h - a ring of stealth (right hand)
 j - an amulet of guardian spirit (around neck)
 k - an uncursed ring of ice
Wands
 l - a wand of flame (17)
 v - a wand of digging (12)
 y - a wand of polymorph (13)
 E - a wand of iceblast (5)
 J - a wand of acid (6)
Scrolls
 b - 2 scrolls of magic mapping
 i - 2 scrolls of enchant weapon
 r - a scroll of identify
 t - a scroll of teleportation
 x - 7 scrolls of remove curse
 C - 2 scrolls of enchant armour
 H - a scroll of random uselessness {unknown}
 K - a scroll of noise {unknown}
Potions
 d - 2 potions of might
 g - 4 potions of flight
 m - a potion of berserk rage
 n - a potion of heal wounds {unknown}
 o - 3 potions of haste {unknown}
 p - a potion of magic {unknown}
 q - 2 potions of curing
 s - a potion of invisibility {unknown}
 z - 2 potions of brilliance {unknown}
 A - a potion of resistance {unknown}
 F - 2 potions of stabbing {unknown}
 G - 2 potions of degeneration {unknown}
 I - a potion of cancellation {unknown}
Comestibles
 e - 25 rations
 L - 6 chunks of flesh


   Skills:
 + Level 6.4 Fighting
 * Level 11.5 Long Blades
 + Level 8.4 Armour
 + Level 7.7 Shields
 + Level 10.9 Evocations


You had 9 spell levels left.
You didn't know any spells.
Your spell library contained the following spells:

 Spells                   Type           Power        Failure   Level  Hunger
 Animate Skeleton         Necr           N/A          100%        1    ##.....
 Pain                     Necr           #...         100%        1    ##.....
 Shock                    Conj/Air       #...         100%        1    ##.....
 Swiftness                Chrm/Air       #.......     100%        2    ###....
 Static Discharge         Conj/Air       #.......     100%        3    ####...
 Vampiric Draining        Necr           #.........   100%        3    ####...
 Airstrike                Air            #.........   100%        4    #####..
 Animate Dead             Necr           N/A          100%        4    #####..
 Agony                    Necr           #.......     100%        5    ######.
 Lightning Bolt           Conj/Air       #.........   100%        5    ######.


Dungeon Overview and Level Annotations

Branches:
Dungeon (10/15)            Temple (1/1) D:5            Lair (1/6) D:8
    Orc: D:9-12

Altars:
Ashenzari
Cheibriados
Dithmenos
Elyvilon
Fedhas
Gozag
Hepliaklqana
Kikubaaqudgha
Makhleb
Nemelex Xobeh
Okawaru
Qazlal
Ru
Sif Muna
Trog
Uskayaw
Vehumet
Wu Jian
Xom
Yredelemnul
Zin
The Shining One

Shops:
D:6 *   D:8 (


Innate Abilities, Weirdness & Mutations

You reflexively headbutt those who attack you in melee.
You have a pair of horns on your head.


Message History

You block the yak's attack.
The spiny frog stings you but does no damage.
Your shield and chain mail prevent you from hitting the yak.
The yak is almost dead.
The spiny frog stings you but does no damage.
The yak gores you but does no damage.
You slash the yak!
You kill the yak!
You block the spiny frog's attack.
You hit the spiny frog but do no damage.
You block the spiny frog's attack.
You slash the spiny frog! Your headbutt misses the spiny frog.
The spiny frog is moderately wounded.
The spiny frog stings you.
* * * LOW HITPOINT WARNING * * *
You are lethally poisoned!
The spiny frog poisons you!
Your shield and chain mail prevent you from hitting the spiny frog.
The spiny frog is moderately wounded.
You die...

#.### #### ### #....#
#####..####P####
......####..##...........
...............#####.####
...............#####.P##P
...F..............##.÷.).
.......†.........P##.....
.......#†###.#....#######
.......#@# ##....#######.
.......F..####.≈≈≈.≈.#...
..........#.≈.≈≈≈≈≈≈.≈...
.............≈≈≈≈≈≈≈≈....
.............≈≈≈≈≈≈≈≈≈≈..
.............≈≈≈≈..≈≈≈...
........P##≈≈≈≈≈<.≈≈≈≈..
.......####≈≈≈≈.≈≈≈≈≈...
..≈≈≈≈≈≈≈≈≈≈.##


You could see a spiny frog.

Vanquished Creatures
  The ghost of nihilominus the Cleaver, a novice MiBe of Trog (D:7)
  Maggie (D:6)
  A queen bee (D:9)
  3 hippogriffs
  A spriggan (D:7)
  4 yaks (Lair:1)
  2 wyverns
  Menkaure (D:5)
  A water moccasin (D:7)
  An orc warrior (D:8)
  2 black bears (D:7)
  3 phantoms
  A sky beast (D:9)
  5 ogres
  4 centaurs
  A crocodile (Lair:1)
  2 bullfrogs
  A scorpion (D:8)
  22 killer bees
  2 crimson imps (D:5)
  A centaur skeleton (D:9)
  4 hounds
  A bullfrog skeleton (D:4)
  An orc wizard (D:5)
  7 worker ants
  Natasha (thrice) (D:2)
  A hound zombie (D:5)
  A hound skeleton (D:4)
  A worker ant zombie (D:6)
  Robin (D:4)
  4 gnolls (D:4)
  7 adders
  A shadow imp (D:7)
  An ooze (D:6)
  An adder skeleton (D:9)
  3 worms
  3 dart slugs
  7 leopard geckos
  14 orcs
  3 ball pythons
  5 giant cockroaches
  15 goblins
  9 hobgoblins
  13 jackals
  14 kobolds
  5 quokkas
  6 bats
  7 frilled lizards
  A quokka skeleton (D:6)
  A quokka zombie (D:5)
  8 rats (D:1)
  A plant (D:1)
209 creatures vanquished.

Notes
Turn   | Place    | Note
-------+----------+-------------------------------------------
     0 | D:1      | Dirian the Minotaur Fighter began the quest for the Orb.
     0 | D:1      | Reached XP level 1. HP: 19/19 MP: 0/0
   187 | D:1      | Reached XP level 2. HP: 27/27 MP: 1/1
   498 | D:1      | Reached skill level 3 in Long Blades
   679 | D:1      | Reached XP level 3. HP: 33/33 MP: 2/2
  1598 | D:2      | Noticed Natasha
  1608 | D:2      | Killed Natasha
  1608 | D:2      | Reached skill level 4 in Long Blades
  1608 | D:2      | Reached XP level 4. HP: 8/40 MP: 3/3
  1899 | D:2      | Found a sacrificial altar of Ru.
  2373 | D:2      | Noticed Natasha
  2379 | D:2      | Killed Natasha
  2379 | D:2      | Reached XP level 5. HP: 27/46 MP: 4/4
  2752 | D:2      | Noticed Natasha
  2758 | D:2      | Killed Natasha
  3054 | D:3      | Reached skill level 5 in Long Blades
  4050 | D:4      | Noticed Robin
  4055 | D:4      | Reached skill level 5 in Armour
  4055 | D:4      | Reached XP level 6. HP: 52/53 MP: 5/5
  4078 | D:4      | Killed Robin
  4144 | D:4      | Reached skill level 6 in Long Blades
  4219 | D:4      | Reached skill level 5 in Shields
  4567 | D:4      | Reached skill level 7 in Long Blades
  4567 | D:4      | Reached XP level 7. HP: 38/60 MP: 6/6
  5041 | D:5      | Entered Level 5 of the Dungeon
  5304 | D:5      | Reached skill level 5 in Fighting
  5304 | D:5      | Reached skill level 8 in Long Blades
  5328 | D:5      | Reached XP level 8. HP: 52/68 MP: 5/7
  5444 | D:5      | Noticed Menkaure
  5456 | D:5      | Killed Menkaure
  5456 | D:5      | Reached skill level 9 in Long Blades
  5791 | D:5      | Found a staircase to the Ecumenical Temple.
  5855 | D:5      | Reached skill level 10 in Evocations
  5855 | D:5      | Reached XP level 9. HP: 74/74 MP: 7/16
  5898 | Temple   | Entered the Ecumenical Temple
  6142 | D:6      | Found Vudojik's General Store.
  6150 | D:6      | Bought a potion of curing for 42 gold pieces
  6235 | D:6      | Noticed Maggie
  6251 | D:6      | Killed Maggie
  6964 | D:7      | Found a white marble altar of Elyvilon.
  7168 | D:7      | Found a large runed translucent door.
  7168 | D:7      | Found a large runed translucent door.
  7178 | D:7      | Noticed nihilominus's ghost (novice MiBe)
  7221 | D:7      | Found a bloodstained altar of Trog.
  7403 | D:7      | Reached skill level 10 in Long Blades
  7919 | D:7      | Killed nihilominus's ghost
  7919 | D:7      | Reached XP level 10. HP: 68/83 MP: 13/17
  8091 | D:8      | Found a staircase to the Lair.
  8624 | D:8      | Found Oxanum's Weapon Shoppe.
  8818 | D:9      | Reached skill level 11 in Long Blades
  9375 | D:9      | Noticed a glowing orange brain
  9916 | D:9      | HP: 4/83 [poisoned by a killer bee]
  9923 | D:9      | HP: 3/83 [poisoned by a killer bee]
  9930 | D:9      | HP: 3/83 [poisoned by a killer bee]
  9938 | D:9      | HP: 2/83 [poisoned by a killer bee]
 10455 | D:10     | Entered Level 10 of the Dungeon
 10545 | Lair:1   | Entered Level 1 of the Lair of Beasts
 10597 | Lair:1   | Noticed a spiny frog
 10599 | Lair:1   | HP: 4/84 [yak (1)]
 10610 | Lair:1   | HP: 1/84 [spiny frog (5)]
 10615 | Lair:1   | HP: 1/84 [spiny frog (2)]
 10616 | Lair:1   | Succumbed to a spiny frog's poison

Illustrated notes

Levels and vault maps discovered:
D:1:      wander_arrival_peaceful_grave, layout_basic, lexackson_kobold_supper
D:2:      layout_basic, chequers_serial_rivers_room_b, grunt_ministairs_2,
          nicolae_ru_path_of_blood, uniq_natasha
D:3:      layout_loops_corners
D:4:      layout_basic, uniq_robin
D:5:      layout_loops_ring, minmay_temple_entry_junction, first_ration,
          uniq_menkaure
D:6:      layout_loops_ring, serial_shops, shop, uniq_maggie
D:7:      layout_basic, trog_ov_bears_minmay, ebering_ghost_disaster_area,
          the_bakery, elyvilon_altar_1
D:8:      layout_loops_ring, lair_entry_dummy, serial_shops, shop
D:9:      gammafunk_jiyva_shrine, layout_rooms, special_room [special_room_bee],
          kennysheep_generic_room_11
D:10:     layout_irregular_city, uniq_josephine
Temple:   compressed_dpeg_circular_temple
Lair:1:   layout_gridlike, infiniplex_staircase_pool_2, serial_bayou_shore_a

Skill      XL: |  1  2  3  4  5  6  7  8  9 10 |
---------------+-------------------------------+-----
Armour         | 4 5 6 7 8 |  8.4
Fighting       | 4 5 6 |  6.4
Long Blades    | 3 4 5 7 8 9 10 11 | 11.5
Shields        | 4 5 6 7 |  7.7
Evocations     | 10 | 10.9

Action                   |  1- 3 |  4- 6 |  7- 9 | 10-12 || total
-------------------------+-------+-------+-------+-------++-------
Melee: Long sword        |   133 |   154 |   194 |   254 ||   735
       Headbutt          |    24 |    32 |    42 |    55 ||   153
  Use: Scroll            |       |     9 |     3 |     1 ||    13
       Potion            |       |       |     2 |     3 ||     5
  Eat: Chunk             |     2 |     6 |     8 |     5 ||    21
       Ration            |       |     1 |     1 |     1 ||     3
Armor: Scale mail        |    61 |    46 |     2 |       ||   109
       Chain mail        |       |       |    85 |   248 ||   333
Dodge: Dodged            |    42 |    36 |    43 |   105 ||   226
Block: Kite shield       |    75 |    72 |    95 |   245 ||   487
       Rpst.: Long sword |    13 |    13 |    11 |    32 ||    69
